 Dungeon Crawl Stone Soup version 0.27.1-3-gb3d3a73c9e (webtiles) character file.

Game seed: 5884625256813464915

65 Elvor the Conjurer (level 3, -1/19 HPs)
             Began as a Deep Elf Conjurer on Oct 11, 2021.
             Slain by an adder (4 damage)
             ... on level 2 of the Dungeon.
             The game lasted 00:08:02 (563 turns).

Elvor the Conjurer (Deep Elf Conjurer)               Turns: 563, Time: 00:08:03

Health: -1/19      AC:  2    Str:  4    XL:     3   Next: 92%
Magic:  0/10       EV: 12    Int: 23    God:
Gold:   31         SH:  0    Dex: 13    Spells: 6/9 levels left

rFire    . . .     SeeInvis .   c - +0 short sword
rCold    . . .     Faith    .   (no shield)
rNeg     . . .     Spirit   .   a - +0 robe
rPois    .         Reflect  .   (no helmet)
rElec    .         Harm     .   (no cloak)
rCorr    .         Rampage  .   (no gloves)
Will     .....                  (no boots)
Stlth    ++........             (no amulet)
HPRegen  0.06/turn              (no ring)
MPRegen  0.12/turn              (no ring)

@: no status effects
A: no striking features
a: no special abilities


You were on level 2 of the Dungeon.
You visited 1 branch of the dungeon, and saw 2 of its levels.

You collected 31 gold pieces.

Inventory:

Hand Weapons
 c - a +0 short sword (weapon)
Missiles
 d - 9 sling bullets
 e - 46 stones
 g - 7 boomerangs
Armour
 a - a +0 robe (worn)
Scrolls
 h - a scroll of teleportation {unknown}
Potions
 b - a potion of flight {unknown}
 f - a potion of heal wounds {unknown}


   Skills:
 + Level 2.5 Dodging
 + Level 2.6 Stealth
 + Level 3.7 Spellcasting
 + Level 5.7 Conjurations


You had 6 spell levels left.
You knew the following spells:

 Your Spells              Type           Power      Damage    Failure   Level
a - Magic Dart            Conj           100%       1d8       1%          1
b - Searing Ray           Conj           60%        3d5       1%          2

Your spell library contained the following spells:

 Spells                   Type           Power      Damage    Failure   Level
 Dazzling Flash           Conj/Hex       34%        N/A       10%         3
 Mephitic Cloud           Conj/Pois/Air  12%        N/A       16%         3
 Ignite Poison            Fire/Tmut/Pois 4%         N/A       32%         3
 Fulminant Prism          Conj/Hex       8%         3d7       32%         4
 Iskenderun's Mystic Bla  Conj/Tloc      17%        2d5       32%         4
 Bolt of Magma            Conj/Fire/Erth 6%         4d6       80%         5


Dungeon Overview and Level Annotations

Branches:
Dungeon (1/15)

Altars:


Message History

The ball python bites you. The ball python grabs you.
The ball python constricts you.
Without enough magic to sustain it, your searing ray dissipates.
The adder bites you but does no damage. The ball python closely misses you.
The ball python constricts you.
You escape the ball python's grasp.
The adder misses you. The adder bites you.
You are poisoned.
The adder poisons you!
You feel sick.
You feel sick.
You feel sick. The adder barely misses you.
You feel sick.
You are no longer poisoned.
The adder bites you.
You are poisoned.
The adder poisons you!
You feel sick.
Aiming: Searing Ray (safe; 1% risk of failure)
Press: ? - help, Q - select action, (/) - cycle Shift-Dir - straight line, f - ball python, p - adder
Aim: a ball python (77% to hit)
The searing ray misses the adder.
The searing ray hits the ball python!
You kill the ball python! (Press . to maintain the ray.)
You feel sick. The adder misses you.
You barely miss the adder.
The adder is heavily wounded.
You feel sick.
You are no longer poisoned.
The adder closely misses you. The adder misses you.
You barely miss the adder.
The adder is moderately wounded.
The adder misses you.
You closely miss the adder.
The adder is moderately wounded.
The adder barely misses you.
You barely miss the adder.
The adder is moderately wounded.
The adder bites you.
You die...

♣♣♣....[♣ ♣♣♣♣ ♣......♣
..♣♣♣♣ ♣.♣ ♣♣.... ♣♣.♣
♣♣ ♣...♣ ♣♣♣.♣♣
.♣♣♣♣♣♣♣♣♣♣♣...♣♣
♣♣♣..♣♣
♣...♣♣.......)..♣
♣♣♣..♣♣♣ #
♣♣♣....♣♣♣♣♣♣♣..♣♣♣..♣♣♣
## ♣♣♣♣♣♣ ♣♣.@S†♣♣♣ #.
♣♣♣♣♣♣ #. #. #. #. ## ##
###. ###...


You could see an adder.

Vanquished Creatures
  4 gnolls (D:2)
  4 bats (D:1)
  2 endoplasms (D:2)
  3 goblins
  4 jackals (D:1)
  2 ball pythons
  3 frilled lizards
  4 kobolds
  A rat (D:2)
27 creatures vanquished.

Notes
Turn   | Place    | Note
-------+----------+-------------------------------------------
     0 | D:1      | Elvor the Deep Elf Conjurer began the quest for the Orb.
     0 | D:1      | Reached XP level 1. HP: 10/10 MP: 6/6
   218 | D:1      | Reached XP level 2. HP: 15/15 MP: 5/8
   221 | D:1      | Learned a level 2 spell: Searing Ray
   306 | D:1      | Reached skill level 5 in Conjurations
   361 | D:1      | You fall into a shaft and drop 1 floor!
   449 | D:2      | Reached XP level 3. HP: 19/19 MP: 5/9
   563 | D:2      | Slain by an adder

Illustrated notes

Levels and vault maps discovered:
D:1:      ebering_trefoil_3fold, layout_rooms
D:2:      kb_forest_paths, layout_basic, hellmonk_ecumenical_altar_slurped_away

Skill      XL: |  1  2 |
---------------+-------+-----
Conjurations   | 5 |  5.7
Dodging        | |  2.5
Stealth        | |  2.6
Spellcasting   | |  3.7

Action                   || total
-------------------------++-------
Melee: Short sword       ||     5
 Cast: Magic Dart        ||    36
       Searing Ray       ||     6
Armor: Robe              ||     4
Dodge: Dodged            ||    14
